 Dungeon Crawl Stone Soup version 0.27.1-33-g824d729ab1 (webtiles) character file.

Game seed: 6910524417873427149

1 zeram the Sneak (level 1, 0/9 HPs)
             Began as a Spriggan Enchanter on Dec 24, 2021.
             Slain by a kobold (3 damage)
             ... on level 1 of the Dungeon.
             The game lasted 00:00:17 (42 turns).

zeram the Sneak (Spriggan Enchanter)                  Turns: 42, Time: 00:00:18

Health: 0/9        AC:  2    Str:  4    XL:     1   Next: 16%
Magic:  3/5        EV: 17    Int: 16    God:
Gold:   0          SH:  0    Dex: 15    Spells: 4/5 levels left

rFire    . . .     SeeInvis +   a - +1 dagger
rCold    . . .     Faith    .   (shield restricted)
rNeg     . . .     Spirit   .   b - +0 robe
rPois    .         Reflect  .   (helmet restricted)
rElec    .         Harm     .   (no cloak)
rCorr    .         Rampage  .   (gloves unavailable)
Will     .....                  (boots unavailable)
Stlth    +++.......             (no amulet)
HPRegen  0.03/turn              (no ring)
MPRegen  0.09/turn              (no ring)

@: very quick
A: very small, no large weapons, unfitting armour, see invisible, speed 3
a: no special abilities


You were on level 1 of the Dungeon.
You visited 1 branch of the dungeon, and saw 1 of its levels.

Inventory:

Hand Weapons
 a - a +1 dagger (weapon)
Armour
 b - a +0 robe (worn)


   Skills:
 + Level 1.1 Short Blades
 + Level 2.6 Dodging
 + Level 4.6 Stealth
 + Level 2.6 Spellcasting
 - Level 3.6 Hexes


You had 4 spell levels left.
You knew the following spells:

 Your Spells              Type           Power      Damage    Failure   Level
a - Corona                Hex            14%        N/A       4%          1

Your spell library contained the following spells:

 Spells                   Type           Power      Damage    Failure   Level
 Confusing Touch          Hex            13%        N/A       13%         3
 Tukima's Dance           Hex            13%        N/A       13%         3
 Ensorcelled Hibernation  Hex/Ice        14%        N/A       14%         2
 Dazzling Flash           Conj/Hex       14%        N/A       28%         3


Dungeon Overview and Level Annotations

Branches:
Dungeon (1/15)

Altars:


Innate Abilities, Weirdness & Mutations

You are very small and have problems with some larger weapons.
You are too small for most types of armour.
You have supernaturally acute eyesight. (SInv)
You cover ground extremely quickly. (Speed+++)


Message History

The kobold barely misses you.
You hit the kobold but do no damage.
The kobold is severely wounded.
The kobold hits you with a +0 dagger.
You are too injured to fight recklessly!
You are too injured to fight recklessly!
You are too injured to fight recklessly!
You barely miss the kobold.
The kobold is severely wounded.
The kobold closely misses you.
You hit the kobold.
You kill the kobold!
The kobold shouts!
You hear a shout!
Things that are here:
a +0 dagger; a kobold corpse
Casting: Corona (safe; 4% risk of failure)
Confirm with . or Enter, or press ? or * to list all spells.
Aiming: Corona (safe; 4% risk of failure)
Press: ? - help, Shift-Dir - straight line, f - kobold
Aim: a kobold, wielding a +0 whip and quivering stones (chance to affect: 67%)
The kobold barely resists.
A goblin comes into view. It is wielding a +0 dagger of speed.
Casting: Corona (safe; 4% risk of failure)
Confirm with . or Enter, or press ? or * to list all spells.
Aiming: Corona (safe; 4% risk of failure)
Press: ? - help, Shift-Dir - straight line, f/p - kobold
Aim: a kobold, wielding a +0 whip and quivering stones (chance to affect: 67%)
The kobold is outlined in light.
The kobold hits you but does no damage.
You hit the kobold.
The kobold is severely wounded.
A hobgoblin comes into view.
The kobold misses you.
The hobgoblin shouts!
You hit the kobold but do no damage.
The kobold is severely wounded.
The kobold completely misses you.
You completely miss the kobold.
The kobold is severely wounded.
The kobold hits you with a +0 whip.
You die...

#.##.# #.##.# #.##.#
#.##.# ##
#############.##.####.
#..............>...#.#
#.#####.##########.#.8
..#.#####.# #...≈
..g.g.K@..# ###.8
#.######### #.# ##. #


You could see a hobgoblin, a goblin and a kobold (corona).

Vanquished Creatures
  A kobold (D:1)
1 creature vanquished.

Notes
Turn   | Place    | Note
-------+----------+-------------------------------------------
     0 | D:1      | zeram the Spriggan Enchanter began the quest for the Orb.
     0 | D:1      | Reached XP level 1. HP: 9/9 MP: 5/5
    42 | D:1      | Slain by a kobold

Illustrated notes

Levels and vault maps discovered:
D:1:      lightli_arrival_statue_moat, layout_loops_ring,
          shapermc_ecumenical_altar_hornbeckon

Action                   || total
-------------------------++-------
Melee: Dagger            ||    11
 Cast: Corona            ||     2
Armor: Robe              ||     1
Dodge: Dodged            ||     6
